 Dungeon Crawl Stone Soup version 0.29.1-12-g30fa7ad0bf (webtiles) character file.

Game seed: 11139626699736027761

30 hawla the Firebug (level 3, 0/26 HPs)
             Began as a Meteoran Fire Elementalist on Jan 9, 2023.
             Slain by an orc
             ... wielding a +0 dagger
              (2 damage)
             ... on level 4 of the Dungeon.
             The game lasted 00:02:30 (357 turns).

hawla the Firebug (Meteoran Fire Elementalist)       Turns: 357, Time: 00:02:32

Health: 0/26       AC:  2    Str:  9    XL:     3   Next: 58%
Magic:  0/8        EV: 12    Int: 18    God:
Gold:   83         SH:  0    Dex: 15    Spells: 5/8 levels left

rFire   . . .      SeeInvis .   h - +1 whip (distort)
rCold   . . .      Faith    .   (no shield)
rNeg    . . .      Spirit   .   a - +0 robe
rPois   .          Reflect  .   (no helmet)
rElec   .          Harm     .   (no cloak)
rCorr   .          Rampage  .   (no gloves)
Will    .....                   (no boots)
Stlth   +.........              (no amulet)
HPRegen 0.08/turn               (no ring)
MPRegen 0.11/turn               (no ring)

@: very slightly contaminated, glowing
A: sense surroundings 1, otherworldly, glowing, explore regen
a: no special abilities


You were on level 4 of the Dungeon.
You visited 1 branch of the dungeon, and saw 4 of its levels.

You collected 83 gold pieces.

Inventory:

Hand Weapons
 h - a +1 whip of distortion (weapon)
Armour
 a - a +0 robe (worn)
Scrolls
 c - a scroll of identify {unknown}
 d - a scroll of teleportation {unknown}
 g - a scroll of poison {unknown}
 i - a scroll of fog {unknown}
Potions
 b - a potion of magic
 f - a potion of berserk rage {unknown}


   Skills:
 + Level 2.6 Dodging
 - Level 1.4 Stealth
 + Level 3.2 Spellcasting
 + Level 1.5 Conjurations
 + Level 4.5 Fire Magic


You had 5 spell levels left.
You knew the following spells:

 Your Spells              Type           Power      Damage    Failure   Level
a - Foxfire               Conj/Fire      52%        2x1d6     4%          1
b - Scorch                Fire           38%        2d7       3%          2

Your spell library contained the following spells:

 Spells                   Type           Power      Damage    Failure   Level
 Conjure Flame            Conj/Fire      13%        6-21      14%         3
 Inner Flame              Hex/Fire       11%        N/A       19%         3
 Flame Wave               Conj/Fire      13%        2d6       41%         4


Dungeon Overview and Level Annotations

Branches:
Dungeon (4/15) Zot: 2042
 Temple: D:4-7

Altars:


Innate Abilities, Weirdness & Mutations

You passively map a small area around you.
You are easily found by Zot.
You glow in the dark.
You regain HP and MP as you explore.


Message History

The adder barely misses you.
Casting: Foxfire (safe; 4% risk of failure)
Confirm with . or Enter, or press ? or * to list all spells.
You miscast Scorch.
You are very lightly contaminated with residual magic.
Nothing appears to happen.
* * * LOW HITPOINT WARNING * * *
You feel sick.
The foxfire hits the orc.
The orc is heavily wounded.
The foxfire hits the orc.
The orc is severely wounded.
The orc barely misses you. The orc hits you with a +0 dagger.
* * * LOW HITPOINT WARNING * * *
The adder closely misses you.
You feel better. The adder bites you but does no damage.
The orc hits you with a +0 dagger.
* * * LOW HITPOINT WARNING * * *
The orc hits you with a +0 dagger.
* * * LOW HITPOINT WARNING * * *
Casting: Scorch (safe; 3% risk of failure)
Confirm with . or Enter, or press ? or * to list all spells.
Flames lash the iguana but do no damage.
The adder bites you.
* * * LOW HITPOINT WARNING * * *
The orc misses you. The orc barely misses you.
Unknown command.
Casting: Scorch (safe; 3% risk of failure)
Confirm with . or Enter, or press ? or * to list all spells.
You conjure some foxfire!
The adder bites you.
* * * LOW HITPOINT WARNING * * *
The orc closely misses you. The orc barely misses you. The adder bites you.
* * * LOW HITPOINT WARNING * * *
You barely miss the adder.
The adder is almost dead.
The foxfire hits the orc.
You kill the orc!
The foxfire hits the adder.
You kill the adder!
The iguana closely misses you. The orc hits you with a +0 dagger.
You die...

)....# , , , * .....# +
,#......# .....#, ,*,
#......# , .....#
#......# ..<..# *,
,#......#, , ..>..#, ,
** #......#,, .....#, ,
+......# , .....#
#[lo...# ....[#, ,, ,
,#.@)...#, , .....# , ,
#......#
.....##########......+
..†..................# *
........................
...............######...
...............# ,*...
...............#,,, * ..
...............# ,


You could see an iguana and an orc.

Vanquished Creatures
  An adder (D:4)
  A worm (D:2)
  A dart slug (D:4)
  3 orcs (D:4)
  5 endoplasms
  A giant cockroach (D:4)
  2 goblins (D:4)
  A quokka (D:2)
  3 bats (D:1)
  3 kobolds
  2 rats
23 creatures vanquished.

Vanquished Creatures (others)
  50 foxfires
50 creatures vanquished.

Grand Total: 73 creatures vanquished

Notes
Turn   | Place    | Note
-------+----------+-------------------------------------------
     0 | D:1      | hawla the Meteoran Fire Elementalist began the quest for
                  | the Orb.
     0 | D:1      | Reached XP level 1. HP: 14/14 MP: 5/5
    41 | D:1      | Reached XP level 2. HP: 20/20 MP: 1/6
    44 | D:1      | Learned a level 2 spell: Scorch
    68 | D:1      | Reached skill level 4 in Fire Magic
   202 | D:4      | Reached XP level 3. HP: 26/26 MP: 2/8
   357 | D:4      | Slain by an orc

Illustrated notes

Levels and vault maps discovered:
D:1:      dpeg_arrival_rhombus, layout_loops_ring
D:2:      layout_basic
D:3:      layout_basic, chequers_serial_rivers_small_a,
          minmay_gold_behind_fungi, roderic_roman_lattice, uniq_jessica
D:4:      layout_gridville, nicolae_vehumet_radiance

Skill      XL: |  1  2 |
---------------+-------+-----
Fire Magic     | 4 |  4.5
Spellcasting   | 3 |  3.2
Dodging        | |  2.6
Stealth        | |  1.4
Conjurations   | |  1.5

Action                   || total
-------------------------++-------
Melee: Unarmed           ||     2
       Whip              ||     9
 Cast: Foxfire           ||    29
       Scorch            ||     3
  Use: Potion            ||     2
Armor: Robe              ||     4
Dodge: Dodged            ||    17
